[Event "42nd Olympiad Baku 2016 Women"]
[Site "Baku"]
[Date "2016.09.06"]
[Round "5.9"]
[White "Francis, Onkemetse"]
[Black "Wang, Chengjia"]
[Result "1/2-1/2"]
[ECO "B90"]
[WhiteElo "1777"]
[BlackElo "2017"]
[Annotator ""]
[PlyCount "120"]
[EventDate "2016.??.??"]
[EventType "team-tourn"]
[EventCountry "AZE"]
[SourceTitle "playchess.com"]
[Source "ChessBase"]
[WhiteTeam "Botswana"]
[BlackTeam "Korea"]
[WhiteTeamCountry "BOT"]
[BlackTeamCountry "KOR"]
[TimeControl "40/5400+30:1800+30"]

1. e4 {(00:00)} c5 {(00:00)} 2. Nf3 {(00:00)} d6 {(
00:07)} 3. d4 {(00:13)} cxd4 {(00:08)} 4. Nxd4 {(00:31)}
Nf6 {(00:04)} 5. Nc3 {(00:07)} a6 {(00:31)} 6. f3 {
(01:20)} e5 {(01:34)} 7. Nb3 {(00:08)} Be6 {(00:23]
} 8. Be3 {(00:08)} Be7 {(01:34)} 9. Qd2 {(00:07)} O-O {
(00:52)} 10. O-O-O {(04:40)} Bxb3 {(04:11)} 11. axb3 {
(00:06)} Qa5 {(00:46)} 12. Kb1 {(00:08)} Nbd7 {(05:
21)} 13. Nd5 {(01:58)} Bd8 {(06:13)} 14. Qxa5 {(05:02)}
Bxa5 {(00:07)} 15. Nxf6+ {(00:05)} Nxf6 {(00:10)} 16. Rxd6
{(00:17)} Rfd8 {(02:45)} 17. Rxd8+ {(00:14)} Rxd8 {
(00:04)} 18. Be2 {(01:35)} Kf8 {(01:55)} 19. Kc1 {(
04:03)} Ke8 {(01:24)} 20. Rd1 {(00:27)} Rxd1+ {(02:18)}
21. Kxd1 {(00:10)} Nd7 {(02:32)} 22. Bc4 {(02:13)} Bd8 {
(10:23)} 23. Bd5 {(04:54)} b6 {(01:54)} 24. b4 {(
00:45)} f6 {(05:21)} 25. Kd2 {(07:03)} Ke7 {(03:29)} 26.
c4 {(01:58)} Kd6 {(15:23)} 27. Kc3 {(00:55)} Kc7 {(
04:36)} 28. Bf2 {(05:36)} Be7 {(00:56)} 29. Be6 {(01:29)}
Nf8 {(05:59)} 30. Bd5 {(00:44)} Nd7 {(00:53)} 31. Kb3 {
(00:38)} Bd6 {(04:14)} 32. Ka4 {(00:33)} Be7 {(05:
49)} 33. Be3 {(01:47)} Bd6 {(03:54)} 34. Bg8 {(01:27)} h6
{(00:19)} 35. Bf7 {(00:39)} Be7 {(03:19)} 36. Be8 {
(00:57)} Nb8 {(01:49)} 37. Kb3 {(08:00)} Nc6 {(01:
22)} 38. Bxc6 {(00:18)} Kxc6 {(00:04)} 39. Kc3 {(00:16)}
h5 {(02:41)} 40. h3 {(00:00)} Bd6 {(00:00)} 41. Kb3 {
(01:16)} Be7 {(04:41)} 42. Ka4 {(03:29)} g6 {(08:
07)} 43. b5+ {(00:41)} axb5+ {(00:33)} 44. cxb5+ {(00:07)}
Kc7 {(00:30)} 45. Kb3 {(00:06)} Bd8 {(00:26)} 46. Kc4 {
(00:44)} Kd6 {(00:17)} 47. g3 {(00:13)} Ke6 {(00:
57)} 48. f4 {(02:07)} Kd6 {(01:57)} 49. f5 {(01:33)} g5 {
(02:09)} 50. g4 {(00:28)} h4 {(02:55)} 51. Bd2 {(
00:07)} Kd7 {(04:40)} 52. Bb4 {(00:52)} Bc7 {(01:14)} 53.
Kd5 {(00:26)} Bb8 {(00:51)} 54. Bf8 {(00:08)} Bc7 {
(01:13)} 55. Bg7 {(04:05)} Ke7 {(02:29)} 56. Kc6 {(
00:12)} Bd8 {(00:16)} 57. b3 {(01:58)} Kf7 {(02:05)} 58.
Bh6 {(01:51)} Ke7 {(00:48)} 59. Bg7 {(08:48)} Kf7 {
(00:21)} 60. Bh6 {(03:00)} Ke7 {(00:34)} 1/2-1/2

[Event "42nd Olympiad Baku 2016 Women"]
[Site "Baku"]
[Date "2016.09.06"]
[Round "5.11"]
[White "Francis, Thapelo"]
[Black "Park, Sunwoo"]
[Result "1/2-1/2"]
[ECO "C01"]
[WhiteElo "1700"]
[BlackElo "1626"]
[Annotator ""]
[PlyCount "60"]
[EventDate "2016.??.??"]
[EventType "team-tourn"]
[EventCountry "AZE"]
[SourceTitle "playchess.com"]
[Source "ChessBase"]
[WhiteTeam "Botswana"]
[BlackTeam "Korea"]
[WhiteTeamCountry "BOT"]
[BlackTeamCountry "KOR"]
[TimeControl "40/5400+30:1800+30"]

1. e4 {(00:00)} e6 {(00:00)} 2. d4 {(00:00)} d5 {(
00:00)} 3. exd5 {(00:10)} exd5 {(00:00)} 4. Bd3 {(00:39)}
Bd6 {(01:14)} 5. Ne2 {(02:27)} Ne7 {(03:15)} 6. O-O {
(03:04)} O-O {(01:24)} 7. c3 {(00:38)} Bg4 {(02:59]
} 8. Qc2 {(00:43)} h6 {(01:43)} 9. f3 {(03:12)} Bh5 {
(02:23)} 10. Bf4 {(00:46)} Bg6 {(03:00)} 11. Bxg6 {
(03:47)} Nxg6 {(00:13)} 12. Bxd6 {(01:31)} Qxd6 {(
00:41)} 13. Re1 {(03:06)} Nd7 {(00:51)} 14. Nd2 {(00:36)}
Rfe8 {(03:25)} 15. Ng3 {(01:21)} Qf4 {(13:39)} 16. Ndf1 {
(02:20)} Nf6 {(03:57)} 17. Qd2 {(08:04)} c6 {(11:
53)} 18. Rxe8+ {(06:34)} Rxe8 {(00:34)} 19. Re1 {(00:37)}
Qxd2 {(03:12)} 20. Rxe8+ {(00:09)} Nxe8 {(00:07)} 21. Nxd2
{(00:04)} Nd6 {(00:23)} 22. Ne2 {(01:32)} f5 {(03:
55)} 23. Kf2 {(01:45)} Kf7 {(00:56)} 24. b3 {(00:44)} Ne7
{(03:28)} 25. g3 {(02:30)} g5 {(00:30)} 26. Ke3 {(
01:04)} Ke6 {(01:51)} 27. a4 {(03:16)} b6 {(05:09)} 28.
Nc1 {(00:49)} Ng6 {(01:49)} 29. Nd3 {(00:26)} a5 {(
08:32)} 30. h3 {(05:08)} h5 {(03:09] Ke4 Ke5+} 1/2-1/2

[Event "42nd Olympiad Baku 2016 Women"]
[Site "Baku"]
[Date "2016.09.06"]
[Round "5.2"]
[White "Franciskovic, Borka"]
[Black "Alboredo, Julia"]
[Result "1-0"]
[ECO "E68"]
[WhiteElo "2267"]
[BlackElo "2135"]
[Annotator ""]
[PlyCount "73"]
[EventDate "2016.??.??"]
[EventType "team-tourn"]
[EventCountry "AZE"]
[SourceTitle "playchess.com"]
[Source "ChessBase"]
[WhiteTeam "Croatia"]
[BlackTeam "Brazil"]
[WhiteTeamCountry "CRO"]
[BlackTeamCountry "BRA"]
[TimeControl "40/5400+30:1800+30"]

1. Nf3 {(00:00)} Nf6 {(00:00)} 2. c4 {(00:00)} g6 {
(00:00)} 3. g3 {(00:00)} Bg7 {(00:05)} 4. Bg2 {(00:
01)} d6 {(00:16)} 5. d4 {(03:04)} O-O {(00:19)} 6. O-O {
(00:49)} Nbd7 {(00:11)} 7. Nc3 {(00:19)} e5 {(00:
41)} 8. e4 {(01:39)} exd4 {(00:36)} 9. Nxd4 {(00:08)} Re8
{(00:20)} 10. h3 {(03:03)} Nc5 {(00:22)} 11. Re1 {(
03:24)} a5 {(00:47)} 12. Qc2 {(05:15)} c6 {(00:49)} 13.
Be3 {(04:10)} Qc7 {(01:47)} 14. Rad1 {(07:15)} Be6 {
(01:29)} 15. Nxe6 {(15:15)} Nxe6 {(12:25)} 16. f4 {
(08:16)} Rad8 {(20:01)} 17. a3 {(05:56)} Nd7 {(12:
41)} 18. b4 {(07:25)} axb4 {(03:57)} 19. axb4 {(00:07)}
Nb6 {(06:59)} 20. Qb3 {(04:56)} Ra8 {(03:28)} 21. Kh2 {
(08:48)} Bf8 {(10:21)} 22. Rd2 {(02:35)} Ng7 {(05:
09)} 23. Red1 {(03:03)} Rad8 {(11:19)} 24. Bf2 {(02:22)}
h5 {(00:19)} 25. h4 {(00:55)} Nd7 {(00:16)} 26. Na4 {
(05:08)} Qb8 {(03:44)} 27. e5 {(01:53)} Nf5 {(00:
41)} 28. Bh3 {(01:53)} b5 {(01:45)} 29. cxb5 {(01:27)}
cxb5 {(00:06)} 30. Nc3 {(00:37)} Bg7 {(00:34)} 31. Ne4 {
(01:32)} Nxe5 {(02:34)} 32. fxe5 {(00:32)} Rxe5 {(
00:21)} 33. Ng5 {(00:58)} Qb7 {(00:45)} 34. Nf3 {(02:24)}
Ne3 {(01:07)} 35. Nxe5 {(00:41)} Nxd1 {(00:06)} 36. Nxf7 {
(01:06)} Qxf7 {(00:15)} 37. Be6 {(00:34)} 1-0

[Event "42nd Olympiad Baku 2016 Women"]
[Site "Baku"]
[Date "2016.09.06"]
[Round "5.1"]
[White "Frayna, Janelle Mae"]
[Black "Latreche, Sabrina"]
[Result "1-0"]
[ECO "A80"]
[WhiteElo "2281"]
[BlackElo "2059"]
[Annotator ""]
[PlyCount "83"]
[EventDate "2016.??.??"]
[EventType "team-tourn"]
[EventCountry "AZE"]
[SourceTitle "playchess.com"]
[Source "ChessBase"]
[WhiteTeam "Philippines"]
[BlackTeam "Algeria"]
[WhiteTeamCountry "PHI"]
[BlackTeamCountry "ALG"]
[TimeControl "40/5400+30:1800+30"]

1. d4 {(00:00)} f5 {(00:00)} 2. Bg5 {(00:56)} Nf6 {
(02:07)} 3. Bxf6 {(01:00)} exf6 {(00:28)} 4. e3 {(
01:54)} Qe7 {(02:05)} 5. Nc3 {(07:34)} c6 {(02:15)} 6. Bd3
{(00:31)} d5 {(01:40)} 7. Qf3 {(02:55)} g6 {(03:59]
} 8. h4 {(00:19)} h5 {(01:16)} 9. Nge2 {(02:04)} Bh6 {
(02:27)} 10. O-O-O {(05:40)} Be6 {(05:58)} 11. Nf4 {
(07:00)} Bf7 {(06:40)} 12. Qg3 {(08:41)} Rg8 {(05:
43)} 13. Kb1 {(04:24)} Nd7 {(08:45)} 14. f3 {(04:30)}
O-O-O {(10:14)} 15. e4 {(00:27)} fxe4 {(00:57)} 16. fxe4 {
(00:05)} dxe4 {(02:33)} 17. Nxe4 {(02:48)} f5 {(01:
30)} 18. Nd5 {(03:20)} Bxd5 {(03:52)} 19. Nd6+ {(00:03)}
Qxd6 {(00:07)} 20. Qxd6 {(00:04)} Bxg2 {(00:53)} 21. Rhg1
{(03:25)} Bf3 {(00:40)} 22. Rde1 {(04:48)} Bf8 {(
04:17)} 23. Qf4 {(01:38)} Bg4 {(00:21)} 24. Bc4 {(04:46)}
Rh8 {(01:31)} 25. Be6 {(00:46)} Rh7 {(00:33)} 26. c4 {
(06:18)} Bb4 {(05:47)} 27. Rc1 {(01:16)} Re8 {(02:
49)} 28. d5 {(00:06)} Bf8 {(02:16)} 29. Rc3 {(01:36)} c5 {
(03:43)} 30. Ra3 {(01:04)} a6 {(01:01)} 31. Rb3 {(
01:33)} Rxe6 {(07:07)} 32. dxe6 {(00:05)} Nf6 {(00:10)}
33. Rd3 {(04:36)} Rc7 {(07:24)} 34. a3 {(04:19)} Be2 {
(02:31)} 35. Re3 {(01:51)} Bg4 {(00:41)} 36. Ka2 {(
03:04)} Be7 {(01:59)} 37. Qh6 {(03:42)} b6 {(00:33)} 38.
Qxg6 {(00:15)} Kb7 {(00:16)} 39. Rf1 {(01:40)} Ne4 {
(01:32)} 40. Rxf5 {(00:00)} Bxf5 {(00:00)} 41. Qxf5 {
(01:47)} Nf6 {(00:50)} 42. Rg3 {(00:35)} 1-0

[Event "42nd Olympiad Baku 2016 Women"]
[Site "Baku"]
[Date "2016.09.06"]
[Round "5.23"]
[White "Fredericia, Louise"]
[Black "Vrbova, Niki"]
[Result "1-0"]
[ECO "B24"]
[WhiteElo "2117"]
[BlackElo "2186"]
[Annotator ""]
[PlyCount "103"]
[EventDate "2016.??.??"]
[EventType "team-tourn"]
[EventCountry "AZE"]
[SourceTitle "playchess.com"]
[Source "ChessBase"]
[WhiteTeam "Denmark"]
[BlackTeam "Slovakia"]
[WhiteTeamCountry "DEN"]
[BlackTeamCountry "SVK"]
[TimeControl "40/5400+30:1800+30"]

1. e4 {(00:00)} c5 {(00:00)} 2. Nc3 {(00:00)} Nc6 {
(00:00)} 3. Bb5 {(00:00)} Nf6 {(01:34)} 4. Bxc6 {(
04:40)} dxc6 {(01:19)} 5. d3 {(02:04)} e5 {(02:40)} 6. f4
{(01:40)} Bg4 {(01:02)} 7. Nf3 {(00:42)} exf4 {(02:
38)} 8. Bxf4 {(00:49)} Nh5 {(03:50)} 9. Be3 {(01:40)} Bd6
{(05:18)} 10. Qd2 {(05:42)} Qc7 {(03:47)} 11. O-O-O {
(02:14)} O-O-O {(02:10)} 12. Rdf1 {(04:21)} Rhe8 {(
05:38)} 13. Kb1 {(02:49)} h6 {(04:03)} 14. Qf2 {(03:40)}
b6 {(02:48)} 15. Qh4 {(12:05)} Nf6 {(03:53)} 16. e5 {
(16:58)} Bxe5 {(01:55)} 17. Nxe5 {(00:46)} Qxe5 {(
02:27)} 18. Bxh6 {(04:34)} Rh8 {(14:22)} 19. Rxf6 {(05:43]
} gxf6 {(00:06)} 20. Qxg4+ {(00:20)} f5 {(02:23)} 21. Qg7
{(11:42)} Qe6 {(12:47)} 22. Bf4 {(02:11)} Rhg8 {(
03:59)} 23. Qe5 {(01:22)} Qxe5 {(00:32)} 24. Bxe5 {(00:06]
} Rxg2 {(00:07)} 25. Kc1 {(03:13)} b5 {(02:25)} 26. b3 {
(01:07)} Kb7 {(02:00)} 27. Rf1 {(01:22)} Re8 {(05:
25)} 28. Rxf5 {(01:20)} f6 {(01:27)} 29. Bg3 {(00:17)} c4
{(04:49)} 30. bxc4 {(00:51)} bxc4 {(00:18)} 31. Ne4 {
(00:59)} Rd8 {(02:17)} 32. Nd6+ {(01:25)} Ka6 {(00:
47)} 33. Nxc4 {(00:17)} Rd5 {(03:12)} 34. Rxf6 {(01:14)}
Kb5 {(00:21)} 35. Ne3 {(03:41)} Rg1+ {(00:23)} 36. Rf1 {
(00:47)} Rxf1+ {(00:27)} 37. Nxf1 {(00:02)} Ka4 {(
01:51)} 38. Ne3 {(00:38)} Rg5 {(01:40)} 39. Nc4 {(00:14)}
Kb4 {(00:15)} 40. Kb2 {(00:00)} a6 {(00:00)} 41. Be5 {
(03:14)} Rh5 {(02:59)} 42. c3+ {(00:45)} Ka4 {(01:
31)} 43. Bg3 {(00:13)} Kb5 {(04:03)} 44. Kb3 {(00:49)} c5
{(02:23)} 45. Ne5 {(01:16)} Rg5 {(01:08)} 46. d4 {(
00:43)} cxd4 {(00:54)} 47. cxd4 {(00:09)} Rg8 {(00:48)}
48. a4+ {(01:38)} Kb6 {(00:05)} 49. d5 {(03:46)} Kc5 {
(02:54)} 50. Nd7+ {(00:29)} Kd4 {(00:05)} 51. Kb4 {
(03:20)} Rg6 {(01:28)} 52. d6 {(00:26)} 1-0

[Event "42nd Olympiad Baku 2016 Women"]
[Site "Baku"]
[Date "2016.09.06"]
[Round "5.15"]
[White "Frijde, Reyna"]
[Black "Nikolovska, Dragana"]
[Result "0-1"]
[ECO "B76"]
[WhiteElo "1605"]
[BlackElo "1886"]
[Annotator ""]
[PlyCount "72"]
[EventDate "2016.??.??"]
[EventType "team-tourn"]
[EventCountry "AZE"]
[SourceTitle "playchess.com"]
[Source "ChessBase"]
[WhiteTeam "Surinam"]
[BlackTeam "Macedonia"]
[WhiteTeamCountry "SUR"]
[BlackTeamCountry "MKD"]
[TimeControl "40/5400+30:1800+30"]

1. e4 {(00:00)} c5 {(00:00)} 2. Nf3 {(00:00)} d6 {(
00:00)} 3. d4 {(00:00)} cxd4 {(00:00)} 4. Nxd4 {(00:00)}
Nf6 {(00:02)} 5. Nc3 {(00:08)} g6 {(00:17)} 6. f3 {
(00:36)} Bg7 {(00:21)} 7. Be3 {(00:12)} Nc6 {(00:
17)} 8. Qd2 {(00:34)} O-O {(00:15)} 9. O-O-O {(00:59)}
Nxd4 {(10:41)} 10. Bxd4 {(02:06)} Be6 {(00:10)} 11. Kb1 {
(02:09)} Qc7 {(00:15)} 12. g4 {(05:33)} Rfc8 {(01:
07)} 13. Be2 {(05:00)} Qa5 {(04:43)} 14. a3 {(08:06)} Rab8
{(03:35)} 15. Nb5 {(02:39)} Qxd2 {(08:07)} 16. Rxd2 {
(00:13)} a6 {(00:15)} 17. Nc3 {(01:21)} b5 {(02:16]
} 18. g5 {(04:28)} Nd7 {(05:34)} 19. Bxg7 {(00:45)} Kxg7 {
(00:07)} 20. Nd5 {(05:30)} Kf8 {(07:09)} 21. h4 {(
03:43)} Bxd5 {(29:09)} 22. Rxd5 {(00:51)} Nb6 {(00:27)}
23. Rd2 {(01:43)} Na4 {(05:14)} 24. Rhd1 {(04:21)} b4 {
(04:19)} 25. Ka1 {(15:14)} bxa3 {(05:54)} 26. bxa3 {
(00:51)} Rc3 {(01:11)} 27. Rd3 {(01:55)} Rxc2 {(00:
11)} 28. R3d2 {(00:55)} Rc3 {(03:29)} 29. Rd3 {(02:35)} a5
{(00:41)} 30. Rb1 {(07:21)} Rbc8 {(02:25)} 31. f4 {
(06:10)} Rxd3 {(01:29)} 32. Bxd3 {(00:18)} Rc3 {(
00:05)} 33. Rb8+ {(00:58)} Kg7 {(00:07)} 34. Be2 {(00:58)}
Rxa3+ {(00:13)} 35. Kb1 {(00:04)} Re3 {(01:19)} 36. Bb5 {
(01:07)} Rxe4 {(01:14)} 0-1

[Event "42nd Olympiad Baku 2016 Women"]
[Site "Baku"]
[Date "2016.09.06"]
[Round "5.24"]
[White "Fuad Kamel Jamaliah, Natalie"]
[Black "Azhar, Puteri Rifqah Fahad"]
[Result "1/2-1/2"]
[ECO "A45"]
[WhiteElo "2064"]
[BlackElo "1945"]
[Annotator ""]
[PlyCount "79"]
[EventDate "2016.??.??"]
[EventType "team-tourn"]
[EventCountry "AZE"]
[SourceTitle "playchess.com"]
[Source "ChessBase"]
[WhiteTeam "Jordan"]
[BlackTeam "Malaysia"]
[WhiteTeamCountry "JOR"]
[BlackTeamCountry "MAS"]
[TimeControl "40/5400+30:1800+30"]

1. d4 {(00:00)} Nf6 {(00:00)} 2. Bf4 {(00:00)} e6 {
(00:34)} 3. e3 {(01:01)} b6 {(01:38)} 4. Nd2 {(01:
59)} Bb7 {(01:23)} 5. c3 {(03:46)} Be7 {(01:24)} 6. Ngf3 {
(04:33)} O-O {(02:16)} 7. Bd3 {(06:23)} d6 {(02:02]
} 8. Bc2 {(03:52)} Nbd7 {(03:03)} 9. O-O {(09:15)} c5 {
(04:57)} 10. Bg3 {(08:36)} Rc8 {(04:03)} 11. e4 {(
10:44)} h6 {(05:36)} 12. h3 {(01:37)} Qc7 {(04:21)} 13.
Rc1 {(04:25)} Ba6 {(11:51)} 14. Re1 {(02:02)} cxd4 {
(06:54)} 15. Nxd4 {(03:15)} Rfd8 {(03:38)} 16. Bb1 {
(09:18)} Qb7 {(09:01)} 17. b3 {(06:49)} Ne5 {(05:
53)} 18. c4 {(01:45)} Nc6 {(06:18)} 19. Nxc6 {(02:00)}
Qxc6 {(00:25)} 20. Nf3 {(01:29)} Nd7 {(09:11)} 21. Nd4 {
(05:26)} Qc7 {(03:26)} 22. Kh1 {(01:51)} Qb8 {(04:
38)} 23. Nf3 {(04:35)} Ne5 {(01:37)} 24. Nxe5 {(01:19)}
dxe5 {(00:03)} 25. Qh5 {(00:20)} Bg5 {(02:35)} 26. Rcd1 {
(00:14)} Rxd1 {(02:34)} 27. Rxd1 {(00:10)} Rd8 {(
00:48)} 28. Qe2 {(00:30)} Rxd1+ {(00:46)} 29. Qxd1 {(00:
04)} Qc7 {(00:49)} 30. a4 {(01:09)} Kf8 {(00:59)} 31. Qd3
{(00:27)} Ke7 {(00:59)} 32. Kg1 {(00:08)} Qd6 {(00:
31)} 33. Kf1 {(01:35)} Qxd3+ {(00:14)} 34. Bxd3 {(00:04)}
Bf4 {(01:26)} 35. Bxf4 {(00:46)} exf4 {(00:01)} 36. Ke2 {
(00:18)} e5 {(00:29)} 37. Kd2 {(02:11)} Bc8 {(00:
48)} 38. Be2 {(00:26)} Kd6 {(00:22)} 39. Kc3 {(03:26)} Bd7
{(00:55)} 40. Bd1 {(00:00] Kd5 Kd4+} 1/2-1/2

[Event "42nd Olympiad Baku 2016 Women"]
[Site "Baku"]
[Date "2016.09.06"]
[Round "5.16"]
[White "Fuchs, Judith"]
[Black "Hojjatova, Aydan"]
[Result "0-1"]
[ECO "C15"]
[WhiteElo "2287"]
[BlackElo "2339"]
[Annotator ""]
[PlyCount "70"]
[EventDate "2016.??.??"]
[EventType "team-tourn"]
[EventCountry "AZE"]
[SourceTitle "playchess.com"]
[Source "ChessBase"]
[WhiteTeam "Germany"]
[BlackTeam "Azerbaijan"]
[WhiteTeamCountry "GER"]
[BlackTeamCountry "AZE"]
[TimeControl "40/5400+30:1800+30"]

1. e4 {(00:00)} e6 {(00:00)} 2. d4 {(00:00)} d5 {(
00:00)} 3. Nc3 {(00:00)} Bb4 {(00:00)} 4. a3 {(00:00)}
Bxc3+ {(00:47)} 5. bxc3 {(00:00)} dxe4 {(00:09)} 6. Qg4 {
(00:11)} Nf6 {(00:57)} 7. Qxg7 {(00:09)} Rg8 {(00:
06)} 8. Qh6 {(00:07)} Rg6 {(00:09)} 9. Qe3 {(00:12)} Nc6 {
(01:12)} 10. Ne2 {(01:08)} Ne7 {(01:15)} 11. Ng3 {(
01:06)} Bd7 {(03:39)} 12. Be2 {(13:21)} Ba4 {(05:39)} 13.
Rb1 {(12:23)} Bc6 {(32:01)} 14. c4 {(05:22)} h5 {(
03:17)} 15. h4 {(11:21)} Ng4 {(03:38)} 16. Bxg4 {(05:27)}
Rxg4 {(00:24)} 17. c3 {(07:51)} Ng6 {(04:46)} 18. Qh6 {
(08:03)} Rxh4 {(14:33)} 19. Rg1 {(00:54)} Rg4 {(01:
46)} 20. Qxh5 {(04:33)} Qh4 {(02:45)} 21. d5 {(04:43)} Bd7
{(10:53)} 22. Rxb7 {(03:20)} f5 {(06:02)} 23. Qxh4 {
(04:04)} Nxh4 {(00:20)} 24. Ke2 {(03:16)} exd5 {(
01:12)} 25. cxd5 {(00:52)} O-O-O {(00:38)} 26. Rb4 {(05:
35)} f4 {(01:41)} 27. Bxf4 {(04:20)} Rxf4 {(00:12)} 28.
Nxe4 {(00:19)} Re8 {(02:01)} 29. Ke3 {(02:46)} Rg4 {
(01:45)} 30. g3 {(01:27)} Bf5 {(00:45)} 31. f4 {(
01:42)} Rg7 {(01:54)} 32. Rd1 {(00:47)} Rxg3+ {(00:20)}
33. Kd4 {(00:31)} Rxe4+ {(00:08)} 34. Kc5 {(00:03)} Rxc3+
{(00:09)} 35. Kb5 {(00:08)} Bd7+ {(00:09)} 0-1

[Event "42nd Olympiad Baku 2016 Women"]
[Site "Baku"]
[Date "2016.09.06"]
[Round "5.4"]
[White "Gaponenko, Inna"]
[Black "Drljevic, Ljilja"]
[Result "1/2-1/2"]
[ECO "B09"]
[WhiteElo "2416"]
[BlackElo "2207"]
[Annotator ""]
[PlyCount "118"]
[EventDate "2016.??.??"]
[EventType "team-tourn"]
[EventCountry "AZE"]
[SourceTitle "playchess.com"]
[Source "ChessBase"]
[WhiteTeam "Ukraine"]
[BlackTeam "Serbia"]
[WhiteTeamCountry "UKR"]
[BlackTeamCountry "SRB"]
[TimeControl "40/5400+30:1800+30"]

1. e4 {(00:00)} g6 {(00:00)} 2. d4 {(00:00)} Bg7 {(
00:00)} 3. Nc3 {(00:00)} d6 {(00:00)} 4. f4 {(00:00)} Nf6
{(00:00)} 5. Nf3 {(01:20)} O-O {(00:11)} 6. e5 {(
02:09)} dxe5 {(00:11)} 7. fxe5 {(00:30)} Nd5 {(00:10)} 8.
Bc4 {(01:22)} Be6 {(00:26)} 9. Qe2 {(01:48)} c5 {(
02:06)} 10. Bxd5 {(03:36)} Bxd5 {(00:21)} 11. Nxd5 {(00:
07)} Qxd5 {(00:05)} 12. c4 {(01:39)} Qd7 {(00:03)} 13. d5
{(00:54)} e6 {(00:14)} 14. d6 {(00:09)} f6 {(00:09]
} 15. exf6 {(02:29)} Bxf6 {(00:07)} 16. Bh6 {(22:01)} Rf7
{(00:45)} 17. O-O-O {(18:44)} Nc6 {(04:23)} 18. Rhe1 {
(08:11)} Re8 {(07:27)} 19. Be3 {(16:29)} b6 {(05:
35)} 20. a3 {(01:21)} Na5 {(22:23)} 21. Qc2 {(05:47)} b5 {
(07:55)} 22. cxb5 {(04:58)} Qxb5 {(00:33)} 23. Bg5 {
(00:28)} Nb3+ {(08:55)} 24. Kb1 {(00:01)} Nd4 {(01:
03)} 25. Nxd4 {(02:24)} Bxd4 {(00:21)} 26. Be3 {(01:29)}
e5 {(02:17)} 27. Qe2 {(02:31)} Rb8 {(06:54)} 28. Qxb5 {
(01:43)} Rxb5 {(00:03)} 29. Re2 {(01:30)} Kg7 {(14:
47)} 30. a4 {(00:09)} Ra5 {(10:12)} 31. b4 {(00:08)} Rxa4
{(00:36)} 32. Bxd4 {(00:04)} cxd4 {(01:33)} 33. Rxe5 {
(00:05)} Rxb4+ {(00:49)} 34. Kc2 {(01:42)} Rd7 {(
01:49)} 35. Rd5 {(01:04)} Kf6 {(00:49)} 36. Re1 {(00:28)}
Rb6 {(01:42)} 37. Rxd4 {(00:28)} Rbxd6 {(00:19)} 38. Rf1+
{(00:23)} Kg7 {(01:26)} 39. Rxd6 {(00:20)} Rxd6 {(
00:03)} 40. Ra1 {(00:00)} a6 {(00:00)} 41. Kc3 {(05:04)}
h5 {(03:45)} 42. h4 {(02:33)} Rf6 {(04:23)} 43. Ra2 {
(06:03)} Rf4 {(02:52)} 44. Kd3 {(00:15)} Rxh4 {(01:
46)} 45. Ke3 {(00:30)} Rg4 {(01:31)} 46. Kf3 {(00:30)} Rc4
{(02:32)} 47. Rxa6 {(00:07)} h4 {(00:40)} 48. Kf2 {
(05:51)} Rc1 {(05:23)} 49. Ra4 {(03:36)} g5 {(00:
13)} 50. Ra6 {(00:50)} Rc4 {(06:18)} 51. Kg1 {(01:23)} Rf4
{(02:14)} 52. g3 {(04:20)} Rg4 {(01:46)} 53. Ra3 {(
00:04)} Kh6 {(01:33)} 54. Kh2 {(00:18)} hxg3+ {(01:03)}
55. Rxg3 {(01:07)} Rd4 {(00:17)} 56. Ra3 {(00:21)} Kh5 {
(00:11)} 57. Kg3 {(00:09)} Rg4+ {(00:43)} 58. Kh2 {
(00:44)} Re4 {(00:40)} 59. Kg3 {(00:04)} Kg6 {(00:
08)} 1/2-1/2

[Event "42nd Olympiad Baku 2016 Women"]
[Site "Baku"]
[Date "2016.09.06"]
[Round "5.15"]
[White "Garcia Mendez, Alcira Guadalupe"]
[Black "Georgescu, Lena"]
[Result "0-1"]
[ECO "B67"]
[WhiteElo "1815"]
[BlackElo "2164"]
[Annotator ""]
[PlyCount "56"]
[EventDate "2016.??.??"]
[EventType "team-tourn"]
[EventCountry "AZE"]
[SourceTitle "playchess.com"]
[Source "ChessBase"]
[WhiteTeam "El Salvador"]
[BlackTeam "Switzerland"]
[WhiteTeamCountry "ESA"]
[BlackTeamCountry "SUI"]
[TimeControl "40/5400+30:1800+30"]

1. e4 {(00:00)} c5 {(00:00)} 2. Nf3 {(00:00)} d6 {(
00:00)} 3. d4 {(00:00)} cxd4 {(00:00)} 4. Nxd4 {(00:05)}
Nf6 {(00:00)} 5. Nc3 {(00:08)} Nc6 {(00:00)} 6. Bg5 {
(00:08)} e6 {(00:00)} 7. Qd2 {(00:38)} a6 {(00:00)}
8. O-O-O {(01:08)} Bd7 {(00:05)} 9. f4 {(00:39)} b5 {
(00:09)} 10. Nxc6 {(00:54)} Bxc6 {(00:07)} 11. e5 {
(00:15)} dxe5 {(00:15)} 12. Qxd8+ {(00:33)} Rxd8 {(
00:05)} 13. Rxd8+ {(00:10)} Kxd8 {(00:02)} 14. fxe5 {(00:
14)} h6 {(00:11)} 15. Bxf6+ {(01:27)} gxf6 {(00:14)} 16.
exf6 {(00:07)} Rg8 {(05:39)} 17. a3 {(07:15)} Rg6 {
(29:28)} 18. Bd3 {(09:17)} Rxf6 {(00:39)} 19. Rd1 {
(00:26)} Kc7 {(02:15)} 20. Ne4 {(03:23)} Rf4 {(03:
18)} 21. Re1 {(12:09)} f5 {(14:52)} 22. g3 {(07:37)} Rxe4
{(02:21)} 23. Bxe4 {(00:31)} Bxe4 {(00:28)} 24. g4 {
(10:59)} Bd6 {(02:28)} 25. gxf5 {(04:30)} exf5 {(
00:43)} 26. h3 {(02:59)} Bg2 {(04:33)} 27. h4 {(00:53)} f4
{(00:52)} 28. Kd2 {(02:00)} f3 {(00:24)} 0-1